 Dungeon Crawl Stone Soup version 0.24-a0-230-g536ed4e (webtiles) character file.

Game seed: 11695747055135604025

7 Goblin1989 the Vexing (level 1, 0/16 HPs)
             Began as a Demonspawn Arcane Marksman on Apr 1, 2019.
             Slain by a bat (1 damage)
             ... on level 1 of the Dungeon on Apr 2, 2019.
             The game lasted 00:01:05 (526 turns).

Goblin1989 the Vexing (Demonspawn Arcane Marksman)   Turns: 526, Time: 00:01:06

Health: 0/16       AC:  2    Str: 10    XL:     1   Next: 91%
Magic:  2/2        EV: 12    Int: 14    God:
Gold:   26         SH:  0    Dex: 13    Spells: 1/2 levels left

rFire    . . .     SeeInvis .   (no weapon)
rCold    . . .     Gourm    .   (no shield)
rNeg     . . .     Faith    .   a - +0 robe
rPois    .         Spirit   .   (no helmet)
rElec    .         Reflect  .   (no cloak)
rCorr    .         Harm     .   (no gloves)
MR       .....                  (no boots)
Stlth    +.........             (no amulet)
HPRegen  0.05/turn              (no ring)
MPRegen  0.08/turn              (no ring)

@: no status effects
A: no striking features
a: no special abilities


You were on level 1 of the Dungeon.
You were not hungry.

You visited 1 branch of the dungeon, and saw 1 of its levels.

You collected 26 gold pieces.

Inventory:

Missiles
 c - 5 javelins (quivered) {@Q2}
 Z - 2 throwing nets {!d , @Q1}
Armour
 a - a +0 robe (worn)
Scrolls
 W - a scroll of enchant armour {unknown}
 X - a scroll of teleportation {unknown}
 Y - 2 scrolls of identify {unknown}
Comestibles
 e - a ration
 V - 3 chunks of flesh


   Skills:
 + Level 2.0 Fighting
 - Level 1.7 Throwing
 - Level 1.7 Dodging
 - Level 1.0 Spellcasting
 - Level 3.0 Hexes


You had one spell level left.
You knew the following spells:

 Your Spells              Type           Power        Failure   Level  Hunger
a - Corona                Hex            #......      8%          1    ##.....

Your spell library contained the following spells:

 Spells                   Type           Power        Failure   Level  Hunger
 Slow                     Hex            #.......     12%         2    ###....
 Inner Flame              Hex/Fire       #.......     38%         3    ####...
 Portal Projectile        Hex/Tloc       #.....       38%         3    ####...
 Cause Fear               Hex            #.........   58%         4    #####..
 Leda's Liquefaction      Hex/Erth       #.........   80%         4    #####..


Dungeon Overview and Level Annotations

Branches:
Dungeon (1/15)

Altars:


Message History

You hit the rat but do no damage.
The rat is moderately wounded.
The rat barely misses you.
You hit the rat but do no damage.
The rat is moderately wounded.
The rat closely misses you.
You hit the rat.
The rat is severely wounded.
The rat bites you.
* * * LOW HITPOINT WARNING * * *
You take 1 damage, and have 5/16 hp.
You hit the rat but do no damage.
The rat is severely wounded.
The rat bites you.
* * * LOW HITPOINT WARNING * * *
You take 1 damage, and have 4/16 hp.
You barely miss the rat.
The rat is severely wounded.
The rat barely misses you.
You closely miss the rat.
The rat is severely wounded.
The rat barely misses you.
You hit the rat.
You kill the rat!
The bat barely misses you. The bat misses you.
There is an open door here.
The bat barely misses you. The bat closely misses you. x2
The bat closely misses you. x2
The bat hits you but does no damage.
You see here an emerald potion.
You barely miss the bat. The bat hits you but does no damage.
The bat closely misses you.
You closely miss the bat. The bat closely misses you.
The bat barely misses you.
You closely miss the bat. The bat barely misses you.
You hit the bat.
The bat is heavily wounded.
The bat barely misses you.
Casting: Corona (safe; 8% risk of failure)
Confirm with . or Enter, or press ? or * to list all spells.
Aiming: Corona (safe; 8% risk of failure)
Press: ? - help, Shift-Dir - straight line, f - bat
Aim: a bat (heavily wounded, chance to defeat MR: 62%)
The bat struggles to resist.
The bat completely misses you.
You now have 1/2 mp.
The bat misses you.
You miss the bat.
The bat is heavily wounded.
The bat hits you but does no damage. The bat barely misses you.
The bat closely misses you. The bat hits you.
* * * LOW HITPOINT WARNING * * *
You take 1 damage, and have 4/16 hp.
You closely miss the bat.
The bat is heavily wounded.
The bat closely misses you. The bat barely misses you.
You hit the bat but do no damage.
The bat is heavily wounded.
The bat completely misses you. The bat closely misses you.
You barely miss the bat.
The bat is heavily wounded.
The bat hits you.
* * * LOW HITPOINT WARNING * * *
You take 1 damage, and have 3/16 hp.
The bat closely misses you.
You hit the bat but do no damage.
The bat is heavily wounded.
The bat barely misses you. The bat misses you. The bat closely misses you.
The bat closely misses you.
MP restored: 2 You closely miss the bat.
The bat is heavily wounded.
The bat hits you but does no damage. The bat hits you.
* * * LOW HITPOINT WARNING * * *
You take 1 damage, and have 2/16 hp.
You closely miss the bat.
The bat is heavily wounded.
The bat hits you but does no damage. x2
You miss the bat.
The bat is heavily wounded.
The bat barely misses you. x2
You miss the bat.
The bat is heavily wounded.
The bat barely misses you.
You hit the bat but do no damage.
The bat is heavily wounded.
The bat misses you. The bat barely misses you. The bat hits you.
* * * LOW HITPOINT WARNING * * *
You take 1 damage, and have 2/16 hp.
You hit the bat.
The bat is severely wounded.
The bat hits you.
* * * LOW HITPOINT WARNING * * *
You take 1 damage, and have 1/16 hp.
The bat hits you.
You die...

.███∆█.█ █.█ .█.....█
██.██████▲█
.█....÷█████████..........
.█........................
.█.....█████████..........
.█.....█......██..........
.█.......████..∆..........
████▲█...█ █████..!.......
█.█...███....@b........
█(█.....█.████████.██..
████.█.....█. .█ .
.....█.....█. █
.....█.....█.
.....█.█...█.
.....÷.▲...█.
....██(█...█. .....█.....█


You could see a bat.

Vanquished Creatures
  A goblin (D:1)
  A hobgoblin (D:1)
  A bat (D:1)
  A frilled lizard (D:1)
  2 kobolds (D:1)
  2 rats (D:1)
8 creatures vanquished.

Notes
Turn   | Place    | Note
-------+----------+-------------------------------------------
     0 | D:1      | Goblin1989 the Demonspawn Arcane Marksman began the quest
                  | for the Orb.
     0 | D:1      | Reached XP level 1. HP: 15/15 MP: 2/2
    69 | D:1      | Upgraded the game from 0.24-a0-228-g05560da to
                  | 0.24-a0-230-g536ed4e
   526 | D:1      | Slain by a bat

Levels and vault maps discovered:
D:1:      minmay_arrival_wavy_path, layout_basic

Skill      XL: |  1 |
---------------+----+-----
Fighting       | 2 |  2.0
Throwing       | |  1.7
Dodging        | |  1.7
Spellcasting   | |  1.0
Hexes          | |  3.0

Action                   || total
-------------------------++-------
Melee: Unarmed           ||    63
 Cast: Corona            ||     1
 Stab: Sleeping          ||     1
Armor: Robe              ||    13
Dodge: Dodged            ||    56

Table legend:
 A = Non-vault XP
 B = Vault XP
 C = Vault XP percentage of total XP
 D = Non-vault monster count
 E = Vault monster count
 F = Vault count percentage of total count
                 A         B        C        D         E       F
            +---------+---------+-------+---------+---------+-------
      Total |      11 |       0 |   0.0 |       8 |       0 |   0.0
            +---------+---------+-------+---------+---------+-------
        D:1 |      11 |       0 |   0.0 |       8 |       0 |   0.0
            +---------+---------+-------+---------+---------+-------

Levels and vault maps discovered:
D:1:      minmay_arrival_wavy_path, layout_basic
